 Dungeon Crawl Stone Soup version 0.25.0-46-gbd7b0854d2 (webtiles) character file.

Game seed: 9961834092975025061

4094 Descartes the Shield-Bearer (level 10, -9/81 HPs)
             Began as a Demonspawn Wanderer on July 17, 2020.
             Was a Believer of Cheibriados.
             Mangled by a spiny frog (19 damage)
             ... on level 1 of the Lair of Beasts.
             The game lasted 00:28:00 (9383 turns).

Descartes the Shield-Bearer (Demonspawn Wanderer)   Turns: 9383, Time: 00:28:02

Health: -9/81      AC: 10    Str: 23    XL:     10   Next: 5%
Magic:  0/18       EV: 15    Int: 19    God:    Cheibriados [**....]
Gold:   451        SH:  6    Dex: 18    Spells: 8/19 levels left

rFire    . . .     SeeInvis .   a - +1 trident (venom)
rCold    + . .     Gourm    .   U - +0 buckler
rNeg     . . .     Faith    .   I - +1 leather armour {rPois}
rPois    +         Spirit   +   (no helmet)
rElec    .         Reflect  .   G - +0 cloak
rCorr    .         Harm     .   (no gloves)
MR       +....                  T - +0 pair of boots
Stlth    +.........             (no amulet)
HPRegen  0.23/turn              i - +6 ring of strength
MPRegen  0.32/turn              q - ring of protection from magic

@: very slow
A: hooves 1, icy blue scales 3, robust 1, magic shield, magic regeneration
a: Bend Time, Renounce Religion


You were on level 1 of the Lair of Beasts.
You worshipped Cheibriados.
Cheibriados was pleased with you.
You were not hungry.

You visited 3 branches of the dungeon, and saw 10 of its levels.

You collected 451 gold pieces.

Inventory:

Hand Weapons
 a - a +1 trident of venom (weapon)
 b - a +2 vorpal hunting sling
 h - a +1 scimitar of flaming
Missiles
 m - 104 arrows
 n - 2 throwing nets (quivered)
 o - 238 stones
 p - 11 boomerangs
 v - 19 poisoned darts
 B - 3 datura-tipped darts
 D - 7 atropa-tipped darts
 P - 17 bolts
 X - 19 sling bullets
Armour
 e - a +0 tower shield
 G - a +0 cloak (worn)
 I - a +1 leather armour of poison resistance (worn)
 T - a +0 pair of boots (worn)
 U - a +0 buckler (worn)
Jewellery
 i - a +6 ring of strength (left hand)
 q - a ring of protection from magic (right hand)
 Z - an uncursed ring of protection from magic
Wands
 H - a wand of polymorph (3)
 L - a wand of disintegration (19)
 N - a wand of random effects (23)
 Q - a wand of paralysis (10)
 V - a wand of flame (17)
 W - a wand of iceblast (11)
Scrolls
 c - 3 scrolls of immolation {unknown}
 f - 3 scrolls of identify {unknown}
 r - 2 scrolls of enchant weapon {unknown}
 x - a scroll of noise {unknown}
 y - 5 scrolls of teleportation
 F - 5 scrolls of magic mapping
 K - a scroll of blinking {unknown}
 M - a scroll of amnesia {unknown}
 O - 3 scrolls of summoning {unknown}
 R - a scroll of enchant armour {unknown}
 Y - 4 scrolls of fear {unknown}
Potions
 g - 3 potions of degeneration {unknown}
 j - a potion of mutation {unknown}
 k - a potion of cancellation {unknown}
 l - a potion of invisibility {unknown}
 s - 11 potions of curing
 t - a potion of stabbing {unknown}
 u - 3 potions of lignification {unknown}
 w - 3 potions of brilliance
 z - a potion of berserk rage {unknown}
 A - 2 potions of flight {unknown}
 E - a potion of might {unknown}
 J - a potion of haste {unknown}
 S - a potion of ambrosia {unknown}
Comestibles
 d - 17 rations


   Skills:
 - Level 5.0 Fighting
   Level 1.0 Maces & Flails
 - Level 1.0 Throwing
 - Level 3.8 Armour
 - Level 5.0 Dodging
 + Level 5.9 Shields
 - Level 5.4 Spellcasting
 - Level 5.6 Conjurations
   Level 1.0 Hexes
 - Level 3.3 Earth Magic
 - Level 3.1 Invocations
 - Level 4.6 Evocations


You had 8 spell levels left.
You knew the following spells:

 Your Spells              Type           Power        Failure   Level  Hunger
a - Magic Dart            Conj           ####         1%          1    None
b - Apportation           Tloc           #.....       14%         1    None
c - Conjure Flame         Conj/Fire      ###.....     13%         3    ##.....
d - Sandblast             Erth           ###...       3%          1    None
e - Shock                 Conj/Air       ###.         4%          1    None
f - Airstrike             Air            #.........   80%         4    ####...

Your spell library contained the following spells:

 Spells                   Type           Power        Failure   Level  Hunger
 Stone Arrow              Conj/Erth      ###...       6%          3    ##.....
 Corona                   Hex            #......      9%          1    None
 Passwall                 Tmut/Erth      ##......     11%         2    None
 Static Discharge         Conj/Air       ###.....     13%         3    ##.....
 Animate Skeleton         Necr           N/A          14%         1    None
 Summon Small Mammal      Summ           #...         14%         1    None
 Swiftness                Chrm/Air       #.......     21%         2    None
 Confusing Touch          Hex            #.......     26%         3    ##.....
 Gell's Gravitas          Tloc           #.........   38%         3    ##.....
 Petrify                  Tmut/Erth      ##......     56%         4    ####...
 Lee's Rapid Deconstruct  Erth           ###.......   67%         5    #####..
 Lightning Bolt           Conj/Air       ###.......   75%         5    #####..
 Metabolic Englaciation   Hex/Ice        #.........   97%         5    #####..
 Yara's Violent Unravell  Hex/Tmut       #.........   97%         5    #####..


Dungeon Overview and Level Annotations

Branches:
Dungeon (8/15)             Temple (1/1) D:6            Lair (1/6) D:8

Altars:
Ashenzari
Cheibriados
Dithmenos
Elyvilon
Fedhas
Gozag
Hepliaklqana
Kikubaaqudgha
Makhleb
Nemelex Xobeh
Okawaru
Qazlal
Ru
Sif Muna
Trog
Uskayaw
Vehumet
Wu Jian
Yredelemnul
Zin
The Shining One

Shops:
D:8 }


Innate Abilities, Weirdness & Mutations

You have large cloven feet.
You are completely covered in icy blue scales. (AC +4, rC+)
You are robust. (+10% HP)
When hurt, damage is shared between your health and your magic reserves.
You regenerate magic rapidly.


Message History

The spiny frog is severely wounded.
The wolf closely misses you. You block the spiny frog's attack.
The wolf bites you but does no damage.
The spiny frog stings you but does no damage.
You closely miss the spiny frog.
The spiny frog is severely wounded.
The wolf barely misses you. x2; You block the spiny frog's attack.
The wolf bites you.
* * * LOW HITPOINT WARNING * * *
You feel better. The wolf bites you!
* * * LOW HITPOINT WARNING * * *
You block the spiny frog's attack.
You hit the wolf but do no damage.
The wolf is poisoned.
The wolf is heavily wounded.
You block the wolf's attack. The spiny frog stings you.
* * * LOW HITPOINT WARNING * * *
The wolf bites you.
* * * LOW HITPOINT WARNING * * *
The spiny frog stings you!!
You die...

*,,*****,,**,,,,,,,,,,,,,,
*,,,,,,,,,,.......,,,,,,,,
*,..,,,,,,.........,,,,,,,
*,,.,,,,,,.....%...,,,,,,,
*.,,.,,,,,........,,,,,,,,
*..##.,####.......,,,,,,,,
*..P..##.##....#**#,,*,*,,
**...[....##F...#...,,,,*,,
*,..##....@hh.......,,,,*,,
**........F#h...#..,,,,,*,,
*..#.....##.?..#,,,,,,,*,,
*,,##....P#....#,,,,,,,*,,
*,,*#....##......,,,,,,*,,
*,,*#####.#..?.....,,,,,,,
*,,******##.....###*,,**,,
*,,,,,,,,,.......,,,,,,,,,
**,,,,,,,,,........,,,,,,,,


You could see a spiny frog (very poisoned), 3 wolves and a bullfrog.

Vanquished Creatures
  Erica (D:7)
  An elephant (D:8)
  3 basilisks
  A yak (D:8)
  A hungry ghost (D:8)
  Duvessa (D:6)
  2 ice beasts
  An orc warrior (D:8)
  A sky beast (D:7)
  A centaur (D:5)
  3 ogres
  A phantom (D:6)
  A wolf (Lair:1)
  2 big kobolds (D:7)
  2 bullfrogs
  Dowan (D:6)
  A scorpion (D:4)
  4 electric eels (D:6)
  A howler monkey (D:4)
  A crimson imp (D:8)
  A centaur zombie (D:7)
  2 jellies (D:6)
  A bullfrog skeleton (D:6)
  A bullfrog zombie (D:6)
  A centaur skeleton (D:7)
  3 orc priests
  4 hounds
  3 orc wizards
  3 iguanas
  4 worker ants
  A killer bee zombie (D:8)
  A hound skeleton (D:6)
  A worker ant zombie (D:8)
  7 adders
  3 shadow imps
  An adder zombie (D:7)
  7 worms
  3 dart slugs
  2 leopard geckos
  17 orcs
  2 ball pythons
  5 bats
  3 giant cockroaches
  6 goblins
  2 hobgoblins
  6 jackals
  5 quokkas
  3 frilled lizards
  14 kobolds
  2 leopard gecko zombies (D:7)
  6 rats
  A bush (Temple)
  2 plants (D:6)
153 creatures vanquished.

Notes
Turn   | Place    | Note
-------+----------+-------------------------------------------
     0 | D:1      | Descartes the Demonspawn Wanderer began the quest for the
                  | Orb.
     0 | D:1      | Descartes set off with the following items: a +2 mace, a +0
                  | robe, a ration; and the following spell memorised: Magic
                  | Dart; and the following spells available to memorise:
                  | Conjure Flame
     0 | D:1      | Reached XP level 1. HP: 16/16 MP: 5/5
    53 | D:1      | Reached skill level 1 in Dodging
   163 | D:1      | Gained mutation: You have large cloven feet. [demonic
                  | ancestry]
   163 | D:1      | Reached XP level 2. HP: 21/22 MP: 7/7
   910 | D:2      | Gained mutation: When hurt, damage is shared between your
                  | health and your magic reserves. [demonic ancestry]
   910 | D:2      | Reached XP level 3. HP: 22/27 MP: 8/8
  1444 | D:3      | Reached XP level 4. HP: 33/33 MP: 10/10
  1696 | D:3      | Reached skill level 1 in Conjurations
  2323 | D:3      | Learned a level 1 spell: Apportation
  2327 | D:3      | Learned a level 3 spell: Conjure Flame
  2436 | D:3      | Gained mutation: You regenerate magic rapidly. [demonic
                  | ancestry]
  2436 | D:3      | Reached XP level 5. HP: 7/39 MP: 4/11
  2447 | D:3      | HP: 1/39 [poisoned by an adder]
  3353 | D:4      | Reached XP level 6. HP: 46/47 MP: 12/12
  3441 | D:5      | Entered Level 5 of the Dungeon
  3918 | D:5      | Noticed an ice beast
  3931 | D:5      | Killed an ice beast
  4144 | D:5      | Gained mutation: You are partially covered in icy blue
                  | scales. (AC +2) [demonic ancestry]
  4144 | D:5      | Reached XP level 7. HP: 53/53 MP: 14/14
  4343 | D:5      | Reached skill level 5 in Spellcasting
  4513 | D:6      | Noticed Duvessa
  4513 | D:6      | Noticed Dowan
  4531 | D:6      | Killed Duvessa
  4531 | D:6      | Reached skill level 1 in Evocations
  4532 | D:6      | Killed Dowan
  4772 | D:6      | Found a transporter.
  5169 | D:6      | Gained mutation: You are mostly covered in icy blue scales.
                  | (AC +3) [demonic ancestry]
  5169 | D:6      | Reached XP level 8. HP: 57/61 MP: 13/15
  5185 | D:6      | Reached skill level 1 in Armour
  5352 | D:6      | Learned a level 1 spell: Sandblast
  5354 | D:6      | Learned a level 1 spell: Shock
  5405 | D:6      | Found a transporter.
  5440 | D:6      | Found a staircase to the Ecumenical Temple.
  5447 | D:6      | Reached skill level 5 in Dodging
  5457 | D:6      | Reached skill level 5 in Fighting
  5623 | Temple   | Entered the Ecumenical Temple
  5815 | Temple   | Became a worshipper of Cheibriados the Contemplative
  5873 | D:6      | Reached skill level 1 in Earth Magic
  6789 | D:7      | Reached skill level 5 in Conjurations
  6847 | D:7      | Learned a level 4 spell: Airstrike
  7068 | D:7      | Reached * piety under Cheibriados
  7351 | D:7      | Reached skill level 1 in Invocations
  7351 | D:7      | Gained mutation: You are completely covered in icy blue
                  | scales. (AC +4, rC+) [demonic ancestry]
  7351 | D:7      | Reached XP level 9. HP: 60/68 MP: 13/16
  7686 | D:8      | Noticed an elephant
  7687 | D:8      | Found a staircase to the Lair.
  7711 | D:8      | Killed an elephant
  8057 | D:8      | Found Kefupt's Gadget Emporium.
  8102 | D:8      | Noticed Erica
  8131 | D:8      | HP: 2/68 [something/lance of force (15)]
  8145 | D:7      | HP: 3/68 [something/bolt of poison (7)]
  8148 | D:7      | Killed Erica
  8609 | D:8      | Reached skill level 5 in Shields
  9013 | D:8      | Reached ** piety under Cheibriados
  9175 | Lair:1   | Entered Level 1 of the Lair of Beasts
  9241 | Lair:1   | Gained mutation: You are robust. (+10% HP) [demonic
                  | ancestry]
  9241 | Lair:1   | Reached XP level 10. HP: 65/81 MP: 16/18
  9366 | Lair:1   | Noticed a spiny frog
  9383 | Lair:1   | Mangled by a spiny frog

Illustrated notes

Levels and vault maps discovered:
D:1:      lemuel_arrival_hallway, layout_loops_corners
D:2:      layout_rooms, nicolae_overflow_hidden_temple, first_ration
D:3:      layout_loops_cross
D:4:      layout_basic
D:5:      layout_basic
D:6:      gammafunk_steamed_eel, layout_rooms, minmay_temple_entry_glass,
          uniq_duvessa
D:7:      layout_basic
D:8:      layout_loops_ring, david_lair_generic, serial_shops, shop, uniq_erica
Temple:   kilobyte_greek_temple
Lair:1:   layout_regular_city, grunt_megastairs_4, infiniplex_staircase_pool

Skill      XL: |  1  2  3  4  5  6  7  8  9 |
---------------+----------------------------+-----
Dodging        | 1 2 3 4 5 |  5.0
Conjurations   | 1 2 3 5 |  5.6
Fighting       | 3 4 5 |  5.0
Spellcasting   | 5 |  5.4
Evocations     | 2 4 |  4.6
Armour         | 3 |  3.8
Earth Magic    | 2 3 |  3.3
Invocations    | 1 3 |  3.1
Shields        | 5 |  5.9
Maces & Flails | |  1.0
Throwing       | |  1.0
Hexes          | |  1.0

Action                   |  1- 3 |  4- 6 |  7- 9 | 10-12 || total
-------------------------+-------+-------+-------+-------++-------
Melee: Mace              |    93 |   148 |       |       ||   241
       Kick              |    15 |    45 |    57 |       ||   117
       Trident           |       |    13 |   368 |    21 ||   402
 Cast: Shock             |       |       |     3 |       ||     3
Evoke: Wand              |       |       |     6 |       ||     6
  Use: Potion            |       |     2 |     6 |     1 ||     9
       Scroll            |       |       |       |     3 ||     3
  Eat: Chunk             |     2 |     8 |    10 |       ||    20
       Ration            |       |       |     2 |       ||     2
Armor: Chain mail        |    83 |    75 |       |       ||   158
       Leather armour    |       |     4 |   111 |     7 ||   122
Dodge: Dodged            |    33 |   101 |   200 |    24 ||   358
Block: Buckler           |       |       |    15 |    13 ||    28
